Map: Sentinel LE

Players

Singline

  • Race: Terran Terran
  • Spawn Location: 5:00

DrStrange

  • Race: Protoss Protoss
  • Spawn Location: 5:00

Thor

  • Race: Protoss Protoss
  • Spawn Location: 6:00

Massa - Winner!

  • Race: Terran Terran
  • League: Platinum
  • Spawn Location: 12:00

qqq - Winner!

  • Race: Zerg Zerg
  • Spawn Location: 9:00

BOM - Winner!

  • Race: Protoss Protoss
  • Spawn Location: 9:00

VOD

Have the link to the VOD?

Description

Time

  • Played on: Oct. 23, 2020, 1:56 p.m.
  • Length: 22:04
Show
View Real Time Build Order
Export as new Build Order

Singline Terran 

Build Orders:  

Get SALT Encoding   

  12  0:10  SCV  
  13  0:22  SCV  
  13  0:27  Supply Depot  
  14  0:34  SCV  
  15  0:51  Barracks  
  15  0:52  SCV  
  16  1:06  SCV  
  17  1:12  Supply Depot  
  17  1:18  SCV  
  18  1:30  SCV  
  19  1:42  Orbital Command  
  19  1:43  Command Center  
  19  1:58  Bunker  
  19  2:06  Marine  
  20  2:09  SCV  
  20  2:13  Refinery x2  
  21  2:21  SCV  
  21  2:24  Marine  
  22  2:42  SCV, Marine  
  24  2:49  Supply Depot  
  24  2:54  SCV  
  25  2:59  Marine  
  26  3:05  Orbital Command  
  26  3:10  SCV  
  27  3:17  Factory, Marine  
  28  3:20  Refinery x2  
  28  3:23  SCV  
  29  3:31  Bunker  
  29  3:34  SCV  
  30  3:35  SCV, Marine  
  32  3:46  SCV  
  32  3:47  SCV  
  34  3:53  Marine  
  35  3:58  SCV  
  35  3:59  SCV  
  35  4:02  Factory Tech Lab  
  37  4:06  Starport  
  37  4:09  Engineering Bay  
  37  4:10  SCV  
  37  4:11  SCV, Marine  
  40  4:22  SCV  
  40  4:23  SCV  
  42  4:35  Armory  
  42  4:37  Missile Turret  
  42  4:38  Armory  
  42  4:41  Missile Turret  
  42  4:42  SCV  
  42  4:44  SCV  
  44  4:54  SCV  
  44  4:59  Missile Turret  
  40  5:08  Missile Turret, Siege Tank  
  40  5:09  SCV  
  40  5:10  SCV  
  40  5:12  Starport Reactor  
  45  5:14  Supply Depot  
  44  5:22  SCV  
  30  5:38  SCV x2  
  24  5:48  Thor  
  30  5:50  SCV x2, Viking x2  
  36  6:02  SCV x2  
  38  6:14  SCV  
  38  6:15  SCV  
  40  6:26  SCV  
  40  6:27  SCV  
  42  6:38  SCV  
  42  6:39  SCV  
  41  6:50  SCV  
  41  6:51  SCV  
  43  7:02  SCV  
  43  7:03  SCV  
  45  7:21  Viking x2  
  49  7:23  Thor  
  49  7:25  SCV  
  49  7:26  SCV  
  57  7:37  SCV  
  57  7:38  SCV  
  59  7:49  SCV  
  59  7:50  SCV  
  61  8:01  SCV  
  62  8:31  Terran Vehicle And Ship Armor Level 1, Terran Vehicle Weapons Level 1  
  62  8:33  Supply Depot  
  62  8:42  Supply Depot  
  62  8:45  Supply Depot  
  62  8:55  Viking, Thor  
  70  8:56  Supply Depot  
  70  9:03  SCV x2, Viking  
  74  9:16  SCV x2  
  76  9:19  Supply Depot  
  74  9:25  Viking  
  74  9:28  SCV  
  77  9:33  Viking  
  77  9:34  SCV  
  80  9:40  SCV, Thor  
  87  9:46  SCV  
  88  9:55  Viking  
  90  10:00  Command Center  
  90  10:02  SCV  
  90  10:03  Viking  
  93  10:15  SCV x2  
  93  10:16  Factory  
  95  10:23  Thor  
  95  10:25  Viking  
  103  10:30  Command Center  
  103  10:33  Viking  
  105  10:42  Refinery  
  105  10:43  Refinery  
  105  10:50  SCV x2  
  105  10:55  Viking  
  109  10:59  Factory Tech Lab  
  109  11:02  SCV  
  110  11:08  Factory  
  110  11:11  Terran Vehicle And Ship Armor Level 2, Terran Vehicle Weapons Level 2, Viking, Thor, Supply Depot  
  110  11:13  SCV, Supply Depot  
  110  11:14  SCV, Supply Depot  
  110  11:15  Orbital Command  
  120  11:25  SCV  
  121  11:32  SCV  
  122  11:37  SCV  
  121  11:50  Thor  
  121  11:51  Marine  
  121  11:54  Thor  
  134  12:06  Viking x2  
  138  12:33  Thor  
  138  12:36  Viking x2  
  138  12:37  Thor  
  90  13:06  Viking x2  
  90  13:10  SCV x2  
  90  13:11  SCV  
  97  13:14  Planetary Fortress  
  97  13:16  Thor  
  97  13:17  Refinery  
  103  13:22  SCV  
  104  13:29  Terran Vehicle Weapons Level 3, Terran Ship Weapons Level 1  
  104  13:36  Viking x2  
  108  14:00  Refinery  
  108  14:06  Viking x2  
  108  14:07  SCV x4  
  116  14:17  Factory x2  
  116  14:19  SCV x3  
  116  14:20  Factory  
  119  14:25  SCV  
  119  14:27  Thor x2  
  119  14:31  SCV x2  
  133  14:36  Viking x2  
  138  14:39  SCV  
  138  14:40  SCV  
  138  14:43  SCV  
  141  15:03  Factory Tech Lab x3  
  141  15:06  Viking x2  
  145  15:10  Thor x2  
  157  15:23  Missile Turret  
  157  15:26  Thor  
  163  15:40  SCV  
  164  15:54  SCV  
  106  16:20  Hellbat x2  
  106  16:24  SCV  
  106  16:25  SCV x2  
  86  16:36  SCV  
  86  16:37  SCV x2, Viking x2  
  93  16:41  Thor  
  75  16:49  SCV x3  
  71  17:01  SCV x3  
  74  17:07  Viking  
  76  17:13  SCV x2  
Show
View Real Time Build Order
Export as new Build Order

DrStrange Protoss 

Build Orders: Chargelot Immortal 

Get SALT Encoding   

  12  0:01  Probe (Chrono Boost)  
  13  0:10  Probe (Chrono Boost)  
  14  0:18  Pylon  
  14  0:24  Probe  
  15  0:36  Probe  
  15  0:42  Gateway  
  16  0:49  Assimilator  
  16  0:52  Probe  
  17  1:04  Probe  
  18  1:16  Probe  
  18  1:18  Pylon  
  19  1:28  Probe (Chrono Boost)  
  20  1:38  Cybernetics Core  
  21  1:40  Probe (Chrono Boost)  
  21  1:47  Probe (Chrono Boost), Gateway  
  21  1:48  Assimilator  
  22  1:54  Probe  
  23  2:07  Probe  
  24  2:11  Warp Gate (Chrono Boost)  
  24  2:19  Probe  
  25  2:31  Probe, Robotics Facility  
  25  2:34  Pylon  
  25  2:35  Stalker  
  28  2:43  Probe  
  29  2:45  Stalker  
  29  2:51  Pylon  
  31  2:55  Probe  
  32  3:07  Probe  
  32  3:10  Stalker  
  35  3:19  Probe, Stalker  
  38  3:24  Immortal  
  42  3:31  Probe  
  43  3:46  Nexus  
  41  3:55  Pylon  
  39  4:10  Stalker x2  
  43  4:35  Probe  
  44  4:40  Pylon  
  44  4:41  Forge  
  44  4:47  Probe  
  44  4:50  Immortal  
  50  5:00  Probe  
  50  5:07  Zealot, Stalker  
  52  5:09  Probe  
  52  5:12  Probe  
  57  5:21  Probe  
  57  5:24  Probe  
  57  5:28  Zealot  
  60  5:31  Zealot  
  60  5:33  Probe  
  63  5:38  Immortal (Chrono Boost)  
  67  5:44  Probe  
  67  5:45  Probe  
  67  5:56  Probe  
  68  5:57  Probe, Pylon  
  68  6:00  Pylon  
  68  6:03  Assimilator, Forge  
  69  6:05  Assimilator  
  69  6:08  Probe  
  69  6:09  Probe  
  69  6:10  Protoss Ground Weapons Level 1 (Chrono Boost)  
  71  6:11  Pylon  
  71  6:17  Twilight Council  
  71  6:20  Probe  
  71  6:22  Immortal  
  76  6:50  Zealot x2  
  76  6:53  Charge (Chrono Boost)  
  80  6:55  Protoss Ground Armor Level 1 (Chrono Boost)  
  80  7:09  Gateway  
  80  7:13  Gateway, Immortal  
  81  7:15  Gateway  
  81  7:20  Gateway  
  74  7:32  Probe x2  
  76  7:44  Probe, Photon Cannon  
  76  7:48  Photon Cannon  
  76  7:51  Photon Cannon  
  77  7:52  Zealot x2  
  77  7:53  Shield Battery  
  77  7:58  Immortal  
  83  8:30  Nexus  
  83  8:32  Pylon  
  83  8:37  Immortal  
  79  9:06  Stalker  
  79  9:07  Stalker x2  
  79  9:09  Stalker x2  
  89  9:10  Stalker  
  89  9:16  Observer  
  92  9:38  Observer  
  93  9:39  Photon Cannon  
  93  9:40  Zealot x2  
  93  9:41  Photon Cannon, Zealot x2  
  101  9:50  Probe x3  
  104  9:59  Observer  
  105  10:00  Photon Cannon  
  105  10:02  Probe x2  
  107  10:10  Protoss Ground Weapons Level 2 (Chrono Boost)  
  107  10:14  Protoss Ground Armor Level 2 (Chrono Boost)  
  107  10:24  Immortal  
  111  10:29  Zealot  
  111  10:31  Zealot  
  111  10:35  Probe x3  
  118  10:46  Pylon  
  100  11:13  Stalker x3  
  100  11:14  Stalker x3  
  100  11:18  Immortal  
  88  11:37  Zealot x2  
  88  11:38  Zealot x2  
  88  11:39  Zealot x2  
  100  11:43  Probe  
  100  11:44  Probe x2  
  103  11:50  Shield Battery  
  103  11:52  Shield Battery  
  103  11:53  Photon Cannon  
  103  11:55  Probe  
  103  11:56  Probe  
  103  11:58  Probe  
  106  12:02  Observer  
  106  12:07  Probe, Gateway  
  106  12:08  Probe  
  109  12:10  Probe  
  109  12:12  Gateway  
  110  12:16  Robotics Bay  
  110  12:19  Robotics Facility  
  110  12:27  Immortal  
  114  12:41  Nexus  
  114  12:43  Pylon  
  114  12:49  Pylon  
  114  12:51  Pylon  
  114  13:01  Probe x3  
  117  13:13  Probe  
  112  13:33  Probe x3  
  115  13:36  Stalker x3  
  115  13:37  Stalker x4  
  115  13:38  Stalker  
  126  13:43  Colossus x2  
  122  13:59  Nexus  
  100  14:05  Pylon  
  100  14:07  Pylon  
  100  14:09  Assimilator  
  86  14:10  Assimilator  
  86  14:23  Extended Thermal Lance  
  76  14:36  Colossus  
  76  14:37  Colossus  
  88  14:42  Photon Cannon  
  88  14:43  Photon Cannon  
  88  14:46  Photon Cannon  
  88  14:47  Shield Battery  
  86  15:01  Photon Cannon  
  86  15:03  Photon Cannon  
  86  15:04  Photon Cannon  
  86  15:06  Photon Cannon  
  86  15:12  Shield Battery  
  81  15:20  Zealot x2  
  85  15:21  Zealot x3  
  85  15:22  Zealot x3  
  97  15:30  Colossus  
  97  15:31  Observer  
  104  15:53  Observer  
  105  16:02  Nexus  
  101  16:05  Pylon x2  
  101  16:06  Pylon  
  101  16:08  Pylon  
  99  16:12  Robotics Facility  
  99  16:14  Observer  
  99  16:18  Robotics Facility  
  98  16:24  Observer  
  67  16:35  Immortal  
  71  16:48  Zealot x2  
  71  16:49  Zealot x3  
  71  16:50  Zealot x3  
  78  17:12  Colossus  
  78  17:13  Colossus x2  
  78  17:14  Colossus  
  85  17:50  Robotics Facility  
  85  17:53  Robotics Facility  
  85  17:54  Robotics Facility  
  85  17:57  Gateway  
  85  17:59  Gateway  
  85  18:01  Gateway  
  85  18:07  Colossus (Chrono Boost)  
  85  18:08  Immortal  
  74  18:34  Zealot  
  74  18:35  Zealot x4  
  74  18:36  Pylon, Zealot x2  
  74  18:37  Zealot  
  74  18:40  Photon Cannon  
  68  18:42  Photon Cannon  
  68  18:44  Photon Cannon  
  52  18:55  Immortal (Chrono Boost)  
  62  19:06  Immortal (Chrono Boost)  
  37  19:27  Immortal  
  41  19:40  Immortal  
  45  20:06  Immortal  
  49  20:17  Nexus  
  49  20:19  Pylon x2, Robotics Facility  
  49  20:21  Pylon  
  49  20:25  Immortal  
  53  20:51  Immortal  
Show
View Real Time Build Order
Export as new Build Order

Thor Protoss 

Build Orders: Carriers 

Get SALT Encoding   

  12  0:02  Probe  
  13  0:19  Probe  
  14  0:22  Pylon  
  14  0:31  Probe  
  15  0:40  Gateway  
  15  0:45  Gateway  
  15  0:57  Assimilator  
  15  0:58  Probe (Chrono Boost)  
  16  1:07  Pylon  
  16  1:10  Probe (Chrono Boost)  
  17  1:18  Probe (Chrono Boost)  
  18  1:27  Probe (Chrono Boost)  
  19  1:33  Probe (Chrono Boost)  
  19  1:35  Forge  
  20  1:41  Probe  
  21  1:53  Probe  
  22  1:54  Pylon  
  22  2:14  Photon Cannon  
  21  2:16  Photon Cannon  
  21  2:22  Photon Cannon  
  21  2:27  Pylon  
  21  2:41  Probe  
  21  2:48  Cybernetics Core  
  21  2:53  Probe  
  22  3:01  Pylon  
  22  3:05  Probe, Photon Cannon  
  23  3:10  Photon Cannon  
  23  3:17  Probe  
  24  3:23  Photon Cannon  
  24  3:41  Stargate, Assimilator  
  24  3:43  Stargate  
  24  3:53  Shield Battery  
  24  4:16  Nexus  
  24  4:21  Pylon  
  24  4:22  Assimilator  
  24  4:23  Probe  
  25  4:27  Assimilator  
  25  4:35  Probe  
  26  4:46  Void Ray (Chrono Boost)  
  26  4:47  Probe  
  31  4:53  Void Ray (Chrono Boost)  
  31  4:59  Probe  
  36  5:11  Probe (Chrono Boost)  
  37  5:24  Probe (Chrono Boost)  
  37  5:26  Protoss Air Weapons Level 1  
  37  5:27  Void Ray  
  38  5:32  Probe (Chrono Boost)  
  43  5:38  Probe  
  44  5:51  Probe (Chrono Boost)  
  45  5:58  Probe (Chrono Boost)  
  45  6:03  Probe (Chrono Boost)  
  47  6:08  Probe (Chrono Boost)  
  47  6:09  Probe (Chrono Boost)  
  49  6:12  Probe (Chrono Boost)  
  49  6:16  Probe  
  49  6:18  Void Ray  
  51  6:22  Fleet Beacon  
  51  6:24  Probe  
  51  6:25  Void Ray  
  56  6:28  Probe  
  61  6:36  Probe  
  62  7:04  Stargate  
  62  7:36  Pylon  
  62  7:38  Nexus  
  62  7:41  Pylon  
  62  7:43  Pylon, Flux Vanes  
  62  7:45  Pylon  
  62  7:47  Pylon  
  62  7:50  Pylon  
  62  7:54  Probe x2, Protoss Shields Level 1, Assimilator  
  64  7:59  Assimilator  
  64  8:03  Cybernetics Core  
  64  8:07  Probe  
  65  8:13  Photon Cannon  
  65  8:15  Protoss Air Weapons Level 2  
  65  8:16  Photon Cannon  
  65  8:19  Pylon  
  65  8:53  Void Ray x2 (Chrono Boost)  
  48  9:27  Void Ray x2 (Chrono Boost)  
  48  9:28  Nexus  
  52  9:33  Pylon  
  52  9:37  Photon Cannon  
  52  9:38  Pylon  
  56  9:39  Photon Cannon  
  56  9:40  Shield Battery  
  56  9:45  Probe  
  57  9:46  Probe  
  58  9:57  Probe  
  58  9:58  Probe  
  60  10:09  Probe  
  61  10:20  Probe  
  62  10:21  Probe  
  63  10:32  Probe  
  63  10:33  Probe  
  63  10:35  Photon Cannon  
  65  10:44  Probe  
  65  10:45  Protoss Air Armor Level 1 (Chrono Boost)  
  65  10:46  Probe  
  67  10:56  Probe  
  68  10:58  Probe  
  64  11:20  Void Ray  
  52  11:26  Carrier  
  52  11:28  Pylon  
  61  12:00  Carrier  
  67  12:05  Nexus  
  67  12:09  Probe  
  67  12:10  Probe  
  69  12:21  Probe  
  69  12:22  Probe  
  71  12:24  Carrier  
  77  12:33  Probe  
  77  12:34  Probe  
  79  12:45  Probe  
  79  12:46  Probe  
  81  12:54  Robotics Facility  
  81  12:56  Protoss Air Weapons Level 3  
  81  12:57  Probe  
  81  12:58  Probe  
  83  13:02  Protoss Air Armor Level 2  
  83  13:05  Pylon  
  83  13:10  Probe x2  
  85  13:14  Pylon  
  85  13:22  Probe x2  
  85  13:23  Shield Battery  
  87  13:28  Tempest  
  87  13:34  Probe x2  
  93  13:36  Shield Battery  
  93  13:38  Unknown  
  78  14:01  Photon Cannon  
  78  14:04  Photon Cannon  
  78  14:06  Carrier (Chrono Boost), Pylon  
  78  14:09  Carrier (Chrono Boost)  
  90  14:16  Stargate  
  90  14:18  Stargate  
  90  14:38  Photon Cannon  
  90  14:43  Photon Cannon  
  90  14:44  Carrier (Chrono Boost)  
  96  14:59  Carrier (Chrono Boost)  
  95  15:00  Carrier (Chrono Boost)  
  107  15:13  Shield Battery  
  107  15:24  Pylon  
  107  15:37  Pylon  
  107  15:38  Shield Battery  
  107  15:46  Carrier x3  
  125  15:56  Carrier, Twilight Council  
  131  16:06  Observer  
  131  16:11  Protoss Air Armor Level 3  
  132  16:28  Observer  
  129  16:46  Carrier  
  135  16:50  Carrier  
  137  17:21  Pylon  
  137  17:22  Pylon  
  137  17:24  Pylon  
  137  17:25  Pylon  
  137  17:27  Pylon  
  122  17:35  Pylon  
  122  17:42  Carrier x2  
  122  17:43  Carrier  
  140  17:51  Carrier  
  146  17:54  Carrier  
  152  18:04  Nexus  
  152  18:10  Pylon  
  152  18:12  Pylon  
  152  18:15  Pylon  
  152  18:18  Pylon  
  152  18:46  Carrier x2  
  152  18:47  Carrier  
  170  19:11  Carrier x2  
  140  20:02  Carrier x2  
  93  20:24  Probe x3  
  96  20:33  Assimilator  
  96  20:36  Probe x3  
  99  20:44  Assimilator  
  99  20:48  Probe  
  99  20:49  Probe x2  
  102  21:00  Probe  
  102  21:01  Probe x2  
  105  21:05  Nexus  
  105  21:12  Probe  
  105  21:13  Probe  
Show
View Real Time Build Order
Export as new Build Order

Massa Terran - Winner!

Build Orders:  

Get SALT Encoding   

  12  0:00  SCV  
  13  0:12  SCV  
  14  0:22  Supply Depot  
  14  0:28  SCV  
  14  0:34  Refinery  
  15  0:43  SCV  
  16  0:51  Barracks  
  16  0:55  SCV  
  17  1:08  SCV  
  18  1:20  SCV  
  19  1:32  SCV  
  20  1:38  Reaper  
  21  1:46  Command Center  
  21  1:49  Orbital Command  
  21  2:10  Marine  
  22  2:16  SCV  
  23  2:28  Command Center  
  23  2:35  Barracks Reactor  
  23  2:40  Factory  
  22  2:53  SCV  
  22  2:57  Orbital Command  
  23  3:05  SCV  
  24  3:06  Engineering Bay  
  24  3:08  Refinery  
  24  3:11  Marine x2  
  26  3:19  SCV  
  27  3:23  SCV  
  28  3:27  Factory Tech Lab  
  28  3:31  SCV  
  29  3:34  Starport  
  29  3:36  SCV  
  30  3:42  Orbital Command  
  30  3:43  SCV  
  30  3:45  Marine  
  30  3:47  Marine  
  30  3:48  SCV  
  36  3:58  Siege Tank  
  36  4:01  SCV x2  
  39  4:03  Marine  
  39  4:06  Refinery  
  40  4:11  SCV  
  40  4:13  SCV x2  
  40  4:16  Missile Turret  
  40  4:17  Marine  
  43  4:19  Medivac  
  43  4:23  SCV, Marine  
  48  4:31  Widow Mine  
  50  4:34  Marine  
  51  4:41  Marine  
  51  4:44  SCV  
  53  4:52  Supply Depot  
  53  4:53  Supply Depot x2  
  53  4:58  Barracks  
  53  5:03  Armory  
  53  5:07  Missile Turret  
  53  5:10  Missile Turret  
  53  5:14  Widow Mine, SCV x2, Marine x2  
  53  5:15  Liberator  
  53  5:21  SCV  
  63  5:29  SCV  
  63  5:32  SCV, Marine x2  
  63  5:33  SCV  
  68  5:35  Siege Tank  
  68  5:39  Refinery  
  68  5:41  SCV  
  72  5:45  SCV  
  72  5:49  Barracks Tech Lab, Marine x2  
  75  6:02  Orbital Command  
  75  6:07  Command Center  
  75  6:10  SCV  
  75  6:11  SCV  
  77  6:32  SCV  
  77  6:34  SCV  
  77  6:36  Supply Depot  
  77  6:37  Supply Depot  
  77  6:39  Supply Depot  
  77  6:40  Supply Depot  
  77  6:58  SCV x2  
  77  7:01  Supply Depot  
  75  7:10  SCV x2  
  75  7:11  Marauder, Marine  
  75  7:12  Marine  
  75  7:13  Cyclone  
  84  7:15  Medivac  
  84  7:20  Stimpack  
  84  7:22  SCV x2  
  88  7:27  Terran Infantry Weapons Level 1  
  88  7:28  Barracks x3  
  88  7:29  Marine x2  
  86  7:31  Engineering Bay  
  86  7:33  Marauder  
  86  7:35  Armory, Terran Vehicle Weapons Level 1  
  89  7:41  Orbital Command  
  89  7:42  SCV  
  89  7:43  SCV x2  
  92  7:45  Cyclone, Medivac  
  92  7:47  Marine x2  
  92  7:49  Missile Turret  
  99  7:51  Missile Turret  
  99  7:52  Missile Turret  
  99  7:54  SCV, Marauder  
  99  7:55  SCV x2  
  104  8:07  SCV x3  
  102  9:04  Barracks Reactor x2, Barracks Tech Lab  
  102  9:06  Marauder, Marine  
  102  9:07  Marine  
  106  9:13  Siege Tank  
  109  9:20  Refinery  
  109  9:21  Refinery  
  109  9:24  Marine  
  109  9:25  Marine  
  109  9:27  Combat Shield  
  109  9:28  Marauder  
  109  9:29  Concussive Shells  
  113  9:32  Terran Infantry Armor Level 1  
  113  9:33  Terran Infantry Weapons Level 2  
  113  9:34  Terran Vehicle Weapons Level 2  
  113  9:35  Terran Vehicle And Ship Armor Level 1  
  113  9:37  Starport Reactor  
  113  9:38  Orbital Command  
  113  9:41  SCV x3  
  113  9:42  Marine x2  
  118  9:45  Siege Tank  
  118  9:49  Marine  
  122  9:53  SCV x3  
  122  9:59  Missile Turret x2  
  125  10:00  Marine x2  
  125  10:01  Missile Turret  
  125  10:04  Missile Turret  
  125  10:05  SCV x3  
  125  10:06  Marine  
  131  10:17  SCV  
  132  10:21  Sensor Tower  
  132  10:26  Sensor Tower  
  132  10:28  Supply Depot  
  132  10:29  Supply Depot  
  132  10:31  Supply Depot  
  132  10:32  Supply Depot  
  132  10:34  Marine  
  132  10:35  SCV  
  131  10:36  Factory  
  131  10:38  Factory  
  130  10:43  SCV x2  
  132  10:50  SCV x2, Thor  
  132  10:53  Supply Depot  
  132  10:55  SCV  
  132  10:56  SCV  
  142  10:58  Supply Depot  
  142  11:00  Supply Depot x2  
  142  11:02  Factory  
  142  11:05  Factory  
  142  11:17  Supply Depot  
  141  11:24  Supply Depot  
  129  11:47  Factory Tech Lab x2  
  129  11:55  Factory Tech Lab  
  129  11:56  Thor  
  129  11:57  Factory Tech Lab  
  135  12:05  Refinery  
  135  12:07  Refinery  
  135  12:30  Marauder, Marine x2  
  135  12:31  Marauder, Marine x4  
  135  12:33  Thor x3  
  163  12:37  Thor  
  163  12:39  Thor  
  175  12:48  Marine x2  
  157  12:52  Marauder x2  
  157  12:53  Command Center  
  156  12:58  Missile Turret  
  156  13:00  Missile Turret  
  156  13:02  Missile Turret  
  153  13:13  Marauder  
  153  13:16  Thor  
  161  13:22  Thor, Missile Turret  
  161  13:23  Missile Turret, Thor x2  
  161  13:24  Marauder, Missile Turret  
  161  13:25  Marine x6  
  187  13:35  Marauder  
  188  13:42  Marine  
  188  13:45  Marauder  
  187  13:49  Marine  
  187  13:50  Marine x4  
  187  13:53  Medivac x2  
  177  13:56  Marauder  
  177  14:00  Marine  
  180  14:06  Orbital Command  
  180  14:07  Marauder, Marine x5  
  184  14:17  Marauder  
  184  14:18  Marine  
  184  14:23  Medivac x2  
  191  14:25  Marine x5  
  191  14:28  Marauder  
  198  14:32  Terran Vehicle And Ship Armor Level 2, Terran Vehicle Weapons Level 3  
  198  14:34  Terran Infantry Armor Level 2  
  198  14:36  Smart Servos, Marine  
  198  14:37  Refinery  
  199  14:39  Refinery  
  199  14:42  Marine  
  200  15:35  Sensor Tower  
  200  15:39  Missile Turret  
  200  15:43  Missile Turret  
  200  16:04  Missile Turret  
  200  16:13  Missile Turret  
  200  16:15  Missile Turret  
  188  16:28  Thor x2  
  198  16:32  Missile Turret  
  198  16:37  Missile Turret  
  167  16:53  Missile Turret  
  167  16:54  Marauder x2  
  167  16:55  Marine x6  
  167  16:56  Thor x3  
  167  16:57  Missile Turret  
  194  17:12  Marine  
  194  17:13  Marine x4, Missile Turret  
  197  17:16  Marauder  
  197  17:18  Missile Turret  
  196  17:28  Thor  
  196  17:29  Thor  
  184  17:32  Marauder  
  184  17:33  Marine x5, Missile Turret  
  184  17:34  Marine  
  167  17:37  Marauder  
  167  17:38  Missile Turret  
  167  17:39  Thor x3  
  167  17:41  Viking x2  
  183  17:51  Marine x2  
  184  17:54  Marauder  
  187  17:58  Missile Turret  
  187  17:59  Marauder  
  189  18:08  Terran Infantry Weapons Level 3, Terran Infantry Armor Level 3  
  189  18:10  Terran Vehicle And Ship Armor Level 3  
  189  18:11  Thor, Viking x2  
  189  18:12  Terran Ship Weapons Level 1  
  199  18:39  Missile Turret  
  199  18:41  Missile Turret, Viking x2  
  188  18:42  Missile Turret  
  188  18:46  Marauder  
  188  18:47  Marauder, Marine x6  
  194  18:59  Missile Turret x2  
  194  19:02  Missile Turret x2  
  194  19:05  Marine x6  
  200  19:19  Missile Turret  
  200  19:22  Missile Turret  
  200  19:23  Missile Turret x2  
  200  19:30  Ghost Academy x2  
  200  19:31  Ghost Academy  
  200  19:41  Missile Turret  
  200  19:45  Missile Turret  
  198  19:46  Missile Turret  
  143  20:04  Thor x5  
  140  20:17  Marauder x2  
  140  20:18  Marine x3  
  140  20:19  Marine x3  
  150  20:35  Sensor Tower, Marine  
  150  20:36  Marine x2  
  150  20:37  Marine x3  
  150  20:38  Marauder x2, Sensor Tower  
  150  20:40  Nuke x2  
  160  20:45  Hi-Sec Auto Tracking  
  160  20:47  Thor x2  
  172  20:53  Marine  
  172  20:54  Marine x5, Medivac x2  
  182  21:00  Marauder x2  
  186  21:11  Marine x2  
  186  21:12  Marine x4  
  190  21:21  Marauder x2  
  190  21:24  Medivac x2  
  198  21:29  Marine x2  
  198  21:30  Marine x4  
  198  21:42  Marauder  
Show
View Real Time Build Order
Export as new Build Order

qqq Zerg - Winner!

Build Orders: Hatch First, Lurkers 

Get SALT Encoding   

  12  0:00  Drone  
  13  0:14  Drone  
  14  0:41  Hatchery  
  13  0:45  Drone  
  14  0:56  Spawning Pool  
  13  1:06  Drone  
  13  1:09  Extractor  
  13  1:12  Overlord  
  13  1:18  Drone  
  14  1:30  Drone  
  15  1:35  Drone  
  16  1:47  Queen  
  16  1:50  Drone  
  19  1:58  Zergling x2  
  20  2:13  Zergling x4  
  20  2:14  Drone  
  20  2:15  Drone  
  24  2:34  Zergling x4  
  24  2:35  Drone x2  
  28  2:38  Metabolic Boost  
  27  2:56  Zergling x2  
  28  2:59  Overlord x3  
  28  3:20  Lair  
  28  3:21  Drone, Queen  
  28  3:22  Drone  
  28  3:23  Drone  
  32  3:45  Zergling x6  
  32  3:46  Drone x3  
  38  3:59  Drone  
  39  4:10  Baneling Nest  
  38  4:18  Drone  
  38  4:19  Drone x2  
  38  4:21  Zergling x2  
  38  4:22  Zergling x2  
  43  4:26  Drone, Hydralisk Den  
  43  4:28  Drone  
  43  4:30  Extractor  
  43  4:31  Drone  
  43  4:36  Hatchery  
  43  4:41  Zergling x2  
  43  4:42  Drone, Zergling x2  
  43  4:43  Drone  
  47  5:05  Zergling x6  
  47  5:06  Drone, Zergling x2  
  52  5:10  Overlord x2  
  51  5:29  Overlord x2  
  51  5:31  Drone x2  
  48  5:42  Muscular Augments  
  46  5:45  Drone  
  46  5:48  Lurker Den  
  46  5:49  Drone x3  
  45  5:53  Extractor  
  44  6:00  Hydralisk x2  
  44  6:02  Drone x2  
  50  6:05  Spore Crawler  
  49  6:13  Drone x2  
  49  6:14  Hydralisk  
  49  6:16  Hydralisk  
  49  6:17  Hydralisk  
  57  6:18  Overlord  
  57  6:25  Extractor  
  57  6:28  Hatchery  
  55  6:35  Drone x2  
  55  6:37  Infestation Pit  
  56  6:48  Drone  
  56  6:49  Drone x3, Evolution Chamber  
  56  6:51  Evolution Chamber  
  58  6:56  Grooved Spines  
  58  6:57  Hydralisk  
  58  6:58  Hydralisk  
  58  6:59  Drone x4  
  58  7:00  Drone x3  
  69  7:17  Drone x3  
  69  7:20  Hydralisk x3  
  69  7:22  Hydralisk  
  80  7:23  Hydralisk  
  80  7:28  Overlord  
  82  7:30  Overlord  
  82  7:35  Spore Crawler  
  81  7:37  Drone  
  81  7:42  Queen  
  84  7:46  Hive  
  84  7:48  Lurker  
  85  7:52  Zergling x2  
  85  7:53  Zergling x2  
  85  7:54  Drone x3  
  85  7:56  Drone  
  85  7:57  Drone  
  90  8:07  Lurker x2  
  92  8:18  Hydralisk x3  
  96  8:20  Drone x4  
  96  8:24  Spore Crawler  
  88  8:47  Hydralisk x5  
  88  8:48  Hydralisk  
  92  8:49  Drone x3  
  88  8:56  Hydralisk  
  88  8:59  Overlord x3  
  88  9:00  Overlord x2  
  89  9:08  Drone  
  90  9:17  Queen  
  92  9:31  Seismic Spines  
  92  9:33  Zerg Missile Weapons Level 1  
  92  9:35  Zerg Ground Armor Level 1  
  92  9:40  Hatchery  
  92  9:44  Drone x3  
  94  9:48  Hydralisk x2  
  94  9:50  Zergling x6  
  101  9:58  Queen  
  101  9:59  Drone  
  104  10:05  Hatchery  
  103  10:10  Zergling x8  
  107  10:16  Lurker x3  
  107  10:18  Hydralisk  
  107  10:20  Drone x2  
  114  10:27  Hatchery  
  113  10:29  Drone  
  113  10:32  Extractor x2, Spore Crawler x2  
  110  10:43  Hydralisk x4  
  110  10:45  Drone  
  95  11:11  Hydralisk x6  
  90  11:12  Hydralisk x2  
  90  11:14  Drone x6  
  90  11:18  Queen  
  112  11:19  Drone  
  111  11:31  Lurker x2  
  113  11:43  Drone x4  
  117  11:51  Queen  
  117  11:53  Drone x2  
  121  11:55  Queen  
  121  11:58  Extractor  
  121  11:59  Extractor  
  121  12:05  Zerg Melee Weapons Level 1, Zerg Missile Weapons Level 2  
  121  12:08  Adaptive Talons  
  89  12:25  Ultralisk Cavern  
  83  12:43  Hydralisk x3  
  83  12:44  Hydralisk x5  
  71  12:45  Zergling x2  
  71  12:46  Zergling x18  
  71  12:47  Drone x3  
  93  13:10  Drone x2  
  95  13:13  Drone x2  
  95  13:14  Drone  
  91  13:23  Hatchery  
  91  13:25  Ultralisk x2  
  100  13:30  Drone  
  101  13:38  Drone x2  
  103  13:53  Lurker x4  
  107  13:55  Lurker  
  107  14:04  Zergling x4  
  107  14:05  Zergling x2  
  107  14:06  Zergling x4  
  107  14:07  Drone  
  111  14:12  Hatchery  
  111  14:13  Anabolic Synthesis  
  110  14:28  Hatchery  
  106  14:33  Drone x4  
  106  14:34  Drone x4  
  114  14:48  Spine Crawler  
  114  14:49  Drone  
  114  14:55  Spore Crawler  
  114  14:58  Drone x3  
  116  15:02  Chitinous Plating  
  116  15:14  Hatchery  
  115  15:16  Drone x2  
  117  15:23  Lurker  
  117  15:24  Lurker  
  117  15:25  Hydralisk x5  
  129  15:36  Drone  
  129  15:37  Drone  
  129  15:38  Drone x5  
  129  15:39  Hydralisk  
  136  15:54  Extractor  
  128  15:58  Extractor  
  106  16:11  Hydralisk  
  106  16:12  Hydralisk x5  
  106  16:13  Ultralisk x2  
  106  16:14  Zergling x4  
  106  16:16  Drone  
  124  16:20  Drone x3  
  124  16:22  Queen  
  129  16:29  Drone  
  129  16:31  Drone x4  
  129  16:32  Drone x2  
  136  16:41  Drone  
  136  16:45  Lurker x4  
  136  16:46  Lurker x7  
  148  16:50  Drone  
  148  16:51  Drone x2  
  148  16:52  Drone x3  
  154  16:57  Unknown  
  154  16:58  Zerg Melee Weapons Level 2  
  153  17:06  Drone  
  154  17:10  Spine Crawler  
  154  17:11  Spine Crawler, Spore Crawler  
  154  17:12  Spine Crawler  
  154  17:13  Spore Crawler  
  154  17:14  Drone x2  
  154  17:15  Spine Crawler x2  
  149  17:24  Hydralisk x2  
  149  17:26  Overlord x7  
  149  17:27  Overlord x2  
  149  17:28  Drone  
  154  17:34  Overlord  
  154  17:36  Zerg Ground Armor Level 2  
  154  17:48  Drone x3  
  157  17:53  Extractor  
  154  18:24  Extractor  
  123  18:27  Spire  
  123  18:29  Extractor, Drone x4  
  123  18:30  Drone x2  
  123  18:31  Viper x2  
  123  18:32  Viper  
  123  18:33  Zergling x4  
  123  18:34  Zergling x12  
  126  18:35  Zergling x14  
  126  18:38  Spore Crawler  
  126  18:39  Spore Crawler  
  134  18:41  Spore Crawler  
  134  18:42  Spore Crawler x3  
  134  18:43  Spore Crawler  
  134  18:44  Spore Crawler x2  
  134  18:45  Spore Crawler  
  134  18:46  Drone, Spore Crawler x3  
  112  19:04  Spore Crawler  
  112  19:05  Drone x2, Spore Crawler  
  112  19:06  Spore Crawler x2  
  110  19:13  Viper  
  110  19:14  Zerg Missile Weapons Level 3, Hydralisk x4  
  110  19:15  Hydralisk x4  
  132  19:17  Drone x4  
  132  19:18  Drone x2  
  121  19:48  Lurker x4  
  109  20:14  Hatchery, Zergling x10  
  109  20:15  Zergling x16  
  109  20:16  Drone, Zergling x4  
  109  20:17  Drone x5  
  128  20:54  Hydralisk x4  
  128  20:56  Ultralisk x6  
  172  21:04  Hatchery  
  170  21:05  Hatchery  
  170  21:11  Hatchery  
  162  21:16  Hatchery  
  158  21:19  Spore Crawler  
  154  21:33  Hydralisk x4  
  154  21:34  Hydralisk x6  
  154  21:36  Drone x4  
Show
View Real Time Build Order
Export as new Build Order

BOM Protoss - Winner!

Build Orders: Cannon Rush 

Get SALT Encoding   

  12  0:17  Pylon  
  12  0:20  Probe (Chrono Boost)  
  13  0:37  Forge  
  13  0:50  Pylon  
  13  1:12  Photon Cannon  
  13  1:16  Photon Cannon  
  13  1:25  Photon Cannon  
  13  1:34  Photon Cannon  
  13  1:49  Probe  
  14  1:57  Photon Cannon  
  15  2:01  Probe  
  15  2:27  Pylon  
  15  2:39  Pylon  
  15  2:47  Photon Cannon  
  15  2:53  Photon Cannon  
  15  2:59  Photon Cannon  
  15  3:09  Photon Cannon  
  15  3:15  Photon Cannon  
  15  3:27  Photon Cannon  
  14  3:35  Probe (Chrono Boost)  
  15  3:44  Gateway  
  15  3:45  Probe (Chrono Boost)  
  16  3:50  Probe (Chrono Boost), Photon Cannon  
  17  4:04  Probe (Chrono Boost)  
  18  4:12  Assimilator  
  18  4:14  Probe (Chrono Boost)  
  18  4:16  Assimilator  
  19  4:25  Nexus  
  19  4:35  Assimilator  
  19  4:39  Assimilator  
  19  4:48  Pylon  
  19  5:08  Cybernetics Core  
  19  5:18  Pylon  
  19  5:43  Probe (Chrono Boost)  
  20  5:53  Probe (Chrono Boost)  
  20  5:54  Stargate  
  21  5:58  Probe (Chrono Boost)  
  21  5:59  Stargate  
  22  6:09  Probe (Chrono Boost)  
  23  6:20  Probe (Chrono Boost)  
  23  6:22  Stargate  
  23  6:25  Probe (Chrono Boost), Pylon  
  25  6:34  Protoss Shields Level 1  
  25  6:35  Probe (Chrono Boost)  
  27  6:47  Probe (Chrono Boost)  
  27  6:51  Protoss Air Weapons Level 1  
  27  6:52  Probe (Chrono Boost)  
  27  6:54  Void Ray  
  29  6:56  Probe (Chrono Boost)  
  29  7:00  Probe (Chrono Boost)  
  34  7:03  Probe (Chrono Boost)  
  34  7:07  Void Ray  
  39  7:18  Probe (Chrono Boost)  
  41  7:30  Probe (Chrono Boost)  
  41  7:35  Probe (Chrono Boost), Void Ray  
  42  7:37  Void Ray  
  50  7:46  Probe  
  51  7:55  Pylon  
  51  7:58  Probe  
  52  7:59  Pylon  
  52  8:04  Void Ray  
  56  8:22  Stargate  
  56  8:25  Void Ray  
  60  8:49  Void Ray  
  60  8:50  Void Ray  
  60  9:12  Void Ray  
  60  9:13  Void Ray  
  60  9:29  Assimilator  
  60  9:30  Void Ray  
  60  9:34  Assimilator  
  64  9:42  Nexus  
  64  9:43  Void Ray  
  68  9:53  Probe  
  69  10:05  Probe  
  70  10:12  Void Ray, Protoss Air Armor Level 1 (Chrono Boost)  
  74  10:26  Void Ray  
  78  10:41  Pylon  
  78  10:42  Pylon  
  70  11:27  Void Ray  
  70  11:28  Void Ray x2  
  70  11:29  Void Ray  
  66  11:54  Probe (Chrono Boost)  
  63  12:04  Probe (Chrono Boost), Void Ray, Fleet Beacon  
  64  12:09  Probe (Chrono Boost), Twilight Council  
  64  12:11  Void Ray, Pylon  
  64  12:15  Pylon  
  73  12:23  Probe (Chrono Boost)  
  74  12:34  Probe (Chrono Boost), Void Ray x2  
  75  12:38  Probe (Chrono Boost)  
  84  12:49  Probe (Chrono Boost)  
  86  13:00  Probe (Chrono Boost)  
  86  13:05  Probe (Chrono Boost)  
  86  13:06  Flux Vanes  
  86  13:09  Protoss Shields Level 2  
  87  13:16  Probe  
  88  13:29  Protoss Air Armor Level 2  
  76  13:47  Void Ray x4  
  48  14:11  Probe (Chrono Boost)  
  49  14:22  Probe (Chrono Boost)  
  50  14:26  Probe (Chrono Boost)  
  50  14:27  Photon Cannon  
  50  14:29  Photon Cannon  
  51  14:33  Photon Cannon  
  51  14:37  Probe  
  52  14:46  Photon Cannon  
  52  14:50  Probe  
  49  15:27  Void Ray (Chrono Boost)  
  49  15:28  Void Ray (Chrono Boost)  
  37  15:29  Void Ray (Chrono Boost)  
  37  15:32  Void Ray (Chrono Boost)  
  13  17:10  Nexus  
  13  17:41  Unknown  
  13  17:57  Blink (Chrono Boost)  
  13  18:19  Stalker  
  15  18:33  Probe  
  16  18:49  Stalker  
  18  19:03  Pylon  
  18  19:19  Stalker  
  20  19:35  Protoss Ground Weapons Level 1  
  20  19:46  Probe  
  20  19:49  Stalker  
  23  19:58  Probe  
  22  20:22  Stalker  
  24  20:34  Gateway  
  24  21:10  Stalker  
  26  21:17  Gateway  
  26  21:24  Stalker  
  28  21:29  Probe (Chrono Boost)  
  29  21:39  Probe (Chrono Boost)  
  30  21:44  Probe (Chrono Boost)  
Tags
 
Add a new tag
Caveats
  • Supply blocks, unpowered buildings, or Contaminate may cause inaccurate times.
  • Supply counts are checked every 10 seconds.